 Dungeon Crawl Stone Soup version 0.32-a0-656-g3542139ebd (webtiles) character file.

Game seed: 8586345543154781340

136 backslashecho the Chopper (level 4, -1/40 HPs)
             Began as a Mountain Dwarf Fighter on Mar 9, 2024.
             Succumbed to an adder's poison
             ... on level 3 of the Dungeon.
             The game lasted 00:03:34 (1883 turns).

backslashecho the Chopper (Mountain Dwarf Fighter)  Turns: 1883, Time: 00:03:34

Health: -1/40      AC:  9    Str: 21    XL:     4   Next: 98%
Magic:  4/4        EV:  7    Int:  8    God:
Gold:   137        SH:  4    Dex:  9    Spells: 3/3 levels left

rFire   . . .        a - +0 war axe
rCold   . . .        c - +0 buckler
rNeg    . . .        e - +0 chain mail
rPois   .            (no helmet)
rElec   .            (no cloak)
rCorr   .            (no gloves)
SInv    .            (no boots)
Will    .....        (no amulet) Stlth
                     (no ring)
HPRegen 0.26/turn    (no ring)
MPRegen 0.09/turn

%: no passive effects
@: lethally poisoned (-1 -> -4)
A: runic magic, artefact enchanting
a: no special abilities


You were on level 3 of the Dungeon.
You visited 1 branch of the dungeon, and saw 3 of its levels.

You collected 137 gold pieces.

Inventory:

Hand Weapons
 a - a +0 war axe (weapon)
Missiles
 i - 2 poisoned darts (quivered)
Armour
 c - a +0 buckler (worn)
 e - a +0 chain mail (worn)
Jewellery
 g - a +6 ring of intelligence
Wands
 h - a wand of flame (17)
Scrolls
 b - 4 scrolls of identify {unknown}
 f - a scroll of immolation {unknown}
Potions
 d - 3 potions of might


   Skills:
 + Level 4.1 Fighting
 * Level 4.8 Axes
 - Level 3.2 Armour
 + Level 4.1 Shields


You had 3 spell levels left.
You didn't know any spells.
Your spell library contained the following spells:

 Spells                   Type           Power      Damage    Failure   Level
 Summon Blazeheart Golem  Fire/Summ      0%         N/A       100%        4
 Orb of Destruction       Conj           0%         9d5       100%        7
 Spellforged Servitor     Conj/Summ      0%         N/A       100%        7


Dungeon Overview and Level Annotations

Branches:
Dungeon (3/15)

Altars:

Shops:
D:3 :


Innate Abilities, Weirdness & Mutations

Your spellcasting is much less encumbered by armour.
You can use scrolls of enchantment on lesser artefacts.


Message History

There are monsters nearby!
You slash the quokka!
You kill the quokka!
A hobgoblin comes into view.
Found 9 gold pieces.
The hobgoblin shouts!
You see here a quokka corpse.
The ball python hisses angrily.
You hit the endoplasm.
You kill the endoplasm!
You hit the goblin but do no damage. You hit the endoplasm but do no damage.
You block the endoplasm's attack. The goblin hits you but does no damage.
You block the goblin's attack.
An endoplasm comes into view. x2
The endoplasm freezes you.
You are frozen.
You take 3 damage, and have 37/40 hp.
You barely miss the goblin.
The endoplasm quivers. x2
You hit the endoplasm. The endoplasm freezes you.
You are frozen.
The goblin hits you with a +0 dagger.
You take 3 damage, and have 34/40 hp.
You hit the endoplasm.
You kill the endoplasm!
You slash the goblin!
You kill the goblin!
The ball python bites you but does no damage.
You block the ball python's attack.
You closely miss the ball python. The ball python barely misses you.
The ball python grabs you. The ball python constricts you.
You closely miss the ball python. The ball python loses its grip on you.
The adder bites you.
You take 1 damage, and have 34/40 hp.
You barely miss the adder. You hit the endoplasm but do no damage.
The endoplasm freezes you.
You are frozen.
The adder bites you but does no damage.
You take 5 damage, and have 29/40 hp.
You closely miss the adder. You hit the endoplasm but do no damage.
The adder bites you but does no damage. The endoplasm freezes you.
You are frozen.
You block the adder's attack.
You take 3 damage, and have 26/40 hp.
You hit the adder but do no damage. You hit the endoplasm.
You hit the ball python.
You kill the ball python!
You block the endoplasm's attack. The adder bites you but does no damage.
The endoplasm freezes you.
You are frozen.
The adder bites you but does no damage.
You take 4 damage, and have 22/40 hp.
You barely miss the adder. The adder bites you but does no damage.
You block the adder's attack. The hobgoblin hits you.
You see here a dart slug corpse.
You take 3 damage, and have 20/40 hp.
You barely miss the adder. You slash the hobgoblin!
You kill the hobgoblin!
You block the adder's attack. The adder barely misses you.
You barely miss the adder. You barely miss the endoplasm.
The endoplasm hits you. The adder bites you.
You are poisoned.
The adder poisons you! The endoplasm freezes you.
You are frozen.
You take 7 damage, and have 13/40 hp.
You feel sick. The adder bites you.
* * * LOW HITPOINT WARNING * * *
You are more poisoned.
The adder poisons you!
You take 3 damage, and have 10/40 hp.
You feel sick. The adder attacks as it pursues you!
The adder bites you but does no damage.
You take 2 damage, and have 8/40 hp.
You are too injured to fight recklessly!
You miss the adder.
You feel sick.
The adder bites you but does no damage. x2
You take 2 damage, and have 6/40 hp.
You closely miss the adder.
You feel sick. The adder bites you but does no damage.
You miss the adder.
You feel sick.
The adder bites you but does no damage. x2
You take 2 damage, and have 4/40 hp.
You closely miss the adder.
You feel sick. The adder bites you but does no damage.
You take 1 damage, and have 3/40 hp.
You barely miss the adder.
You feel sick.
You are no longer poisoned.
The adder bites you.
* * * LOW HITPOINT WARNING * * *
The adder bites you.
* * * LOW HITPOINT WARNING * * *
You are lethally poisoned!
The adder poisons you!
You take 2 damage, and have 1/40 hp.
Okay, then.
Unknown command.
Unknown command.
You are lethally poisoned (1 -> -2).
Your movement speed is average.
Your attack delay is about 1.2.
Your damage rating with your +0 war axe is about 16 (Base 11 x 127% (Str) x 116% (Skill)).
You barely miss the adder.
You die...

.## .### .#.
#...# .. #.#.#
#.###..$
##.##.....#
......)#..#
#...†..#
#.#†#.B#####
#.....JJS@.#
....########.#
#.#.. #.# #...
#.# #.. #.###
#.# #...#
###.# # #.# #
############
#.#


You could see a bombardier beetle, an adder and 2 endoplasms.

Vanquished Creatures
  6 adders
  A ribbon worm (D:2)
  4 dart slugs
  7 endoplasms
  4 giant cockroaches
  6 goblins
  8 hobgoblins
  5 quokkas
  8 ball pythons
  2 frilled lizards
  12 kobolds
  6 rats
69 creatures vanquished.

Notes
Turn   | Place    | Note
-------+----------+-------------------------------------------
     0 | D:1      | backslashecho the Mountain Dwarf Fighter began the quest
                  | for the Orb.
     0 | D:1      | Reached XP level 1. HP: 19/19 MP: 1/1
    90 | D:1      | Reached XP level 2. HP: 26/26 MP: 2/2
   308 | D:1      | Reached XP level 3. HP: 25/31 MP: 3/3
  1089 | D:2      | Reached XP level 4. HP: 40/40 MP: 4/4
  1717 | D:3      | Found Hekhaib's Book Shop.
  1882 | D:3      | HP: 2/40 [adder (1)]
  1883 | D:3      | Succumbed to an adder's poison

Illustrated notes

Levels and vault maps discovered:
D:1:      matt_arrival_grand_opening, layout_rooms, hex_intersection,
          minmay_cut_off
D:2:      layout_basic, serial_bayou, serial_bayou_lake_a, serial_bayou_shore_b,
          serial_bayou_lagoon_a, serial_bayou_crossing, serial_bayou_pond_a
D:3:      layout_loops_ring, serial_shops, shop, dk_vineyard_1,
          minmay_fractal_squares_5, uniq_ijyb

Skill      XL: |  1  2  3  4 |
---------------+-------------+-----
Axes           | 3 4 |  4.8
Fighting       | 4 |  4.1
Shields        | 4 |  4.1
Armour         | |  3.2

Action                     |  1- 3 |  4- 6 || total
---------------------------+-------+-------++-------
  Melee: War axe           |   113 |    75 ||   188
 Armour: Chain mail        |    93 |    75 ||   168
         Scale mail        |     1 |       ||     1
  Dodge: Dodged            |    53 |    30 ||    83
  Block: Buckler           |    28 |    12 ||    40

Table legend: (Time is in decaauts)
 A = Elapsed time spent in this place.
 B = Non-inter-level travel time spent in this place.
 C = Inter-level travel time spent in this place.
 D = Time resting spent in this place.
 E = Time spent auto-exploring this place.
 F = Levels seen in this place.
 G = Mean time per level.
                   A        B        C        D        E       F      G
               +--------+--------+--------+--------+--------+-----+--------+
         Total |   1979 |   1811 |    168 |     53 |   1156 |   3 |  659.7 |
       Dungeon |   1979 |   1811 |    168 |     53 |   1156 |   3 |  659.7 |
               +--------+--------+--------+--------+--------+-----+--------+

Top non-repeatable levels by time:
     D:2: 974 daAuts
     D:1: 808 daAuts
     D:3: 196 daAuts
